 Dungeon Crawl Stone Soup version 0.19.1 (webtiles) character file.

3157 Philogelos the Basher (level 9, -5/105 HPs)
             Began as a Minotaur Berserker on Nov 30, 2016.
             Was an Elder of Trog.
             Slain by a vampire mosquito (6 damage)
             ... on level 8 of the Dungeon.
             The game lasted 00:33:20 (6134 turns).

Philogelos the Basher (Minotaur Berserker)          Turns: 6134, Time: 00:33:21

Health: -5/105     AC: 24    Str: 23    XL:     9   Next: 62%
Magic:  8/8        EV:  2    Int:  5    God:    Trog [****..]
Gold:   0          SH:  7    Dex: 11    Spells: 0 memorised, 8 levels left

rFire  + + .     SeeInvis .     a - +0 mace
rCold  + . .     Gourm    .     (armour currently unavailable)
rNeg   + + +     Faith    .     h - +0 shield
rPois  +         Spirit   .     (helmet currently unavailable)
rElec  +         Reflect  .     (cloak currently unavailable)
rCorr  +         Harm     .     (gloves currently unavailable)
MR     .....     NoTele   +     (boots currently unavailable)
Stlth  +.........               (no amulet)
                                p - ring of protection from fire
                                q - ring of flight

@: tree-form, resistant, starving
A: (retaliatory headbutt), (horns 0)
a: Berserk, Trog's Hand, Brothers in Arms, Burn Spellbooks, Renounce Religion


You were on level 8 of the Dungeon.
You worshipped Trog.
Trog was greatly pleased with you.
You were starving.
You were a tree.
You visited 2 branches of the dungeon, and saw 10 of its levels.

Inventory:

Hand Weapons
 a - a +0 mace (weapon)
Armour
 h - a +0 shield (worn)
 j - a +0 leather armour
 l - a +0 plate armour (melded)
 n - a +0 chain mail
Jewellery
 p - a ring of protection from fire (right branch)
 q - a ring of flight (left branch)
Wands
 t - a wand of acid (7/15)
 x - a wand of confusion (18/48)
Scrolls
 b - a scroll of enchant armour
 e - 4 scrolls of remove curse
 i - a scroll of recharging
 k - 2 scrolls of magic mapping
 r - a scroll of teleportation
 s - a scroll of fog
 y - a scroll of blinking
 z - a scroll of fear {unknown}
 B - a scroll of amnesia {unknown}
Potions
 f - a potion of resistance
 m - a potion of flight
 o - a potion of agility
 w - 2 potions of magic
 A - 2 potions of mutation
Comestibles
 c - 8 bread rations
 g - a beef jerky
 v - a meat ration


   Skills:
 - Level 3.6 Fighting
 + Level 13.4 Maces & Flails
 * Level 9.2 Armour
 - Level 2.1 Dodging


You had 8 spell levels left.
You didn't know any spells.

Dungeon Overview and Level Annotations

Branches:
Dungeon (9/15)             Temple (1/1) D:4
   Lair: D:8-11         Orc: D:9-12

Altars:
Ashenzari
Cheibriados
Elyvilon
Fedhas
Gozag
Kikubaaqudgha
Makhleb
Nemelex Xobeh
Okawaru
Qazlal
Ru
Sif Muna
Trog
Uskayaw
Vehumet
Xom
Yredelemnul
Zin
The Shining One

Annotations:
D:6 1 exclusion
D:8 Maurice


Innate Abilities, Weirdness & Mutations

((You reflexively headbutt those who attack you in melee.))
((You have a pair of horns on your head.))


Message History

The vampire mosquito bites you but does no damage.
You hit the vampire mosquito.
The vampire mosquito is lightly damaged.
The vampire mosquito barely misses you.
The vampire mosquito bites you but does no damage.
You barely miss the vampire mosquito.
The vampire mosquito is lightly damaged.
The vampire mosquito bites you but does no damage.
The vampire mosquito bites you.
* * * LOW HITPOINT WARNING * * *
You hit the vampire mosquito.
The vampire mosquito is moderately damaged.
The vampire mosquito bites you.
* * * LOW HITPOINT WARNING * * *
You miss the vampire mosquito.
The vampire mosquito is moderately damaged.
The vampire mosquito bites you but does no damage. x2
You feel protected. The vampire mosquito bites you.
You die...

#..............####
#....<.........####
#..................
##'#'##.#.....####.
#.#.........#.....
#.#....##....(..(.
#.#.##.###...)....
#.#.##.####...####
#♣#.##.......y.##.
#y#.....#####>y..#
#.#...%.# #....#
#.#.....# #..<..
#.#...>.# #.#.##
#.#.....# #.#.#
#.#...... #.#.#
#.#####.. ..#.# #..
#.#.#


You could see a vampire mosquito.

Vanquished Creatures
  Pikel (D:8)
  A spriggan (D:7)
  A hungry ghost (D:8)
  2 vampire mosquitoes (D:8)
  Duvessa (D:5)
  A black bear (D:7)
  A sky beast (D:5)
  A necrophage (D:8)
  3 ogres
  2 centaurs
  A big kobold (D:8)
  Blork the orc (D:6)
  Dowan (D:5)
  A wyvern skeleton (D:6)
  2 scorpions
  7 killer bees
  2 howler monkeys
  4 crimson imps
  2 hounds (D:4)
  A centaur zombie (D:5)
  A bullfrog skeleton (D:4)
  2 iguanas
  4 worker ants (D:5)
  A howler monkey zombie (D:5)
  4 gnolls
  A howler monkey skeleton (D:8)
  4 adders
  A shadow imp (D:5)
  3 oozes
  2 adder zombies
  2 adder skeletons
  5 dart slugs
  A worm (D:1)
  4 leopard geckos
  6 orcs
  A ball python (D:4)
  5 giant cockroaches
  12 goblins
  10 hobgoblins
  17 jackals
  A quokka (D:6)
  5 bats
  7 frilled lizards
  A jackal skeleton (D:6)
  5 kobolds
  7 rats
148 creatures vanquished.

Vanquished Creatures (others)
  A water moccasin (D:8)
1 creature vanquished.

Grand Total: 149 creatures vanquished

Notes
Turn   | Place    | Note
-------+----------+-------------------------------------------
     0 | D:1      | Philogelos the Minotaur Berserker began the quest for the Orb.
     0 | D:1      | Reached XP level 1. HP: 19/19 MP: 0/0
    15 | D:1      | Reached skill level 4 in Maces & Flails
   128 | D:1      | Reached XP level 2. HP: 26/26 MP: 1/1
   394 | D:1      | Reached skill level 5 in Maces & Flails
   444 | D:1      | Reached XP level 3. HP: 30/31 MP: 2/2
   534 | D:2      | Reached ** piety under Trog
  1005 | D:2      | Reached skill level 6 in Maces & Flails
  1005 | D:2      | Reached XP level 4. HP: 33/39 MP: 3/3
  1960 | D:4      | Found a staircase to the Ecumenical Temple.
  1981 | Temple   | Entered the Ecumenical Temple
  2563 | D:4      | Reached skill level 7 in Maces & Flails
  2563 | D:4      | Reached XP level 5. HP: 19/45 MP: 4/4
  2728 | D:4      | Reached *** piety under Trog
  3081 | D:4      | Reached skill level 8 in Maces & Flails
  3123 | D:4      | Reached XP level 6. HP: 44/51 MP: 5/5
  3179 | D:5      | Entered Level 5 of the Dungeon
  3190 | D:5      | Found a blossoming altar of Fedhas.
  3269 | D:5      | Reached skill level 9 in Maces & Flails
  3347 | D:5      | Reached XP level 7. HP: 35/57 MP: 6/6
  3451 | D:5      | Found a basalt altar of Yredelemnul.
  3462 | D:5      | Reached skill level 10 in Maces & Flails
  3694 | D:5      | Noticed Duvessa
  3696 | D:5      | Noticed Dowan
  3699 | D:5      | Killed Duvessa
  3724 | D:5      | Killed Dowan
  3767 | D:5      | Reached skill level 11 in Maces & Flails
  4022 | D:6      | Reached XP level 8. HP: 55/64 MP: 7/7
  4193 | D:6      | Reached **** piety under Trog
  4313 | D:6      | Noticed Blork the orc
  4323 | D:6      | Killed Blork the orc
  4323 | D:6      | Reached skill level 12 in Maces & Flails
  4405 | D:7      | Reached skill level 5 in Armour
  4467 | D:7      | Found a deep blue altar of Sif Muna.
  5120 | D:8      | Reached XP level 9. HP: 40/70 MP: 8/8
  5126 | D:8      | Noticed Maurice
  5373 | D:8      | Reached skill level 13 in Maces & Flails
  5516 | D:8      | HP: 3/70 [wyvern (15)]
  5524 | D:8      | HP: 2/70 [killer bee (3)]
  5927 | D:8      | Noticed Pikel
  5944 | D:8      | Killed Pikel
  6131 | D:8      | HP: 3/105 [vampire mosquito (5)]
  6132 | D:8      | HP: 1/105 [vampire mosquito (3)]
  6134 | D:8      | Slain by a vampire mosquito

Skill      XL: |  1  2  3  4  5  6  7  8  9 |
---------------+----------------------------+-----
Maces & Flails | 4 5 6 7 8 9 11 12 13 | 13.4
Armour         | 3 6 9 |  9.2
Fighting       | |  3.6
Dodging        | |  2.1

Action                   |  1- 3 |  4- 6 |  7- 9 || total
-------------------------+-------+-------+-------++-------
Melee: Mace              |    70 |   146 |   358 ||   574
       Headbutt          |    13 |    24 |    70 ||   107
Invok: Burn Spellbooks   |       |     1 |       ||     1
       Trog's Hand       |       |       |     1 ||     1
       Berserk           |       |       |     1 ||     1
Evoke: Wand              |       |       |     3 ||     3
  Use: Scroll            |     2 |    11 |    12 ||    25
       Potion            |       |     1 |     7 ||     8
 Stab: Confused          |       |       |     1 ||     1
  Eat: Chunk             |       |     8 |     8 ||    16
       Bread ration      |       |       |     1 ||     1
Armor: Animal skin       |     2 |       |       ||     2
       Leather armour    |    10 |    33 |       ||    43
       Chain mail        |       |    22 |   111 ||   133
       Plate armour      |       |       |    46 ||    46
       Skin              |       |       |    29 ||    29
Dodge: Dodged            |    42 |   110 |    97 ||   249
Block: Shield            |       |       |    70 ||    70
